 Dungeon Crawl Stone Soup version 0.20-a0-850-ge5a7832 (webtiles) character file.

17479 Alarkh the Carver (level 12, -2/94 HPs)
             Began as a Mummy Fighter on Mar 10, 2017.
             Was a High Priest of Okawaru.
             Slain by a freezing wraith (7 damage)
             ... in an ice cave.
             The game lasted 00:22:51 (17907 turns).

Alarkh the Carver (Mummy Fighter)                  Turns: 17907, Time: 00:22:52

Health: -2/94      AC: 23    Str: 21    XL:     12   Next: 19%
Magic:  3/3        EV:  8    Int: 11    God:    Okawaru [*****.]
Gold:   928        SH: 11    Dex: 15    Spells: 11/11 levels left

rFire    x x .     SeeInvis +   a - +3 scimitar (freeze)
rCold    + + .     Gourm    .   z - +5 plate armour of the Echidna {MP-9 Dex+4}
rNeg     + + +     Faith    .   c - +0 shield
rPois    ∞         Spirit   .   o - +2 helmet
rElec    .         Reflect  .   (no cloak)
rCorr    .         Harm     .   j - +1 pair of gloves
MR       +....                  (no boots)
Stlth    ..........             (no amulet)
Regen    0.3/turn               i - ring of see invisible
MPRegen  0.1/turn               M - ring of ice

@: marked
A: no food or potions, fire vulnerability, cold resistance 1, negative energy
resistance 3, torment resistance, unbreathing
a: Heroism, Finesse, Renounce Religion


You were in an ice cave.
You worshipped Okawaru.
Okawaru was extremely pleased with you.
You were not hungry.

You visited 3 branches of the dungeon, and saw 15 of its levels.
You also visited: Ossuary and Ice Cave.

You collected 928 gold pieces.

Inventory:

Hand Weapons
 a - a +3 scimitar of freezing (weapon)
 b - a +2 falchion of flaming
 w - a +1 long sword of venom
Armour
 c - a +0 shield (worn)
 j - a +1 pair of gloves (worn)
 o - a +2 helmet (worn)
 z - the +5 plate armour of the Echidna (worn) {MP-9 Dex+4}
   (You found it on level 8 of the Dungeon)

   It affects your dexterity (+4).
   It affects your magic capacity (-9).
Jewellery
 d - an uncursed ring of protection from magic
 i - a ring of see invisible (right hand)
 q - an uncursed ring of teleportation
 v - a +2 ring of strength
 x - an uncursed amulet of harm
 M - a ring of ice (left hand)
Wands
 l - a wand of digging (5/24)
 n - a wand of paralysis (15/24)
 t - a wand of random effects (21/48)
 u - a wand of acid (0/15)
 B - a wand of lightning (0/15)
 I - a wand of random effects (31/48)
 K - a wand of confusion (6/48)
 N - a wand of paralysis (12/24)
 O - a wand of disintegration (11/24)
Scrolls
 e - a scroll of identify
 f - a scroll of silence
 g - 2 scrolls of fog
 h - 3 scrolls of remove curse
 k - 3 scrolls of immolation
 m - 5 scrolls of random uselessness
 p - a scroll of magic mapping
 r - 2 scrolls of recharging
 s - 6 scrolls of amnesia
 H - 2 scrolls of summoning {unknown}
 J - a scroll of blinking
 L - a scroll of enchant armour
Books
 y - a book of Clouds

   Spells                             Type                      Level
   a - Poisonous Vapours              Poison/Air                   2
   b - Mephitic Cloud                 Conjuration/Poison/Air       3
   c - Conjure Flame                  Conjuration/Fire             3
   d - Freezing Cloud                 Conjuration/Ice/Air          6
   e - Ring of Flames                 Charms/Fire                  7
 D - a book of Conjurations

   Spells                             Type                      Level
   a - Magic Dart                     Conjuration                  1
   b - Searing Ray                    Conjuration                  2
   c - Dazzling Spray                 Conjuration/Hexes            3
   d - Fulminant Prism                Conjuration/Hexes            4
   e - Force Lance                    Conjuration/Translocation    4
   f - Iskenderun's Mystic Blast      Conjuration                  4
 E - a book of Minor Magic

   Spells                             Type                      Level
   a - Magic Dart                     Conjuration                  1
   b - Blink                          Translocation                2
   c - Call Imp                       Summoning                    2
   d - Slow                           Hexes                        2
   e - Conjure Flame                  Conjuration/Fire             3
   f - Mephitic Cloud                 Conjuration/Poison/Air       3
Miscellaneous
 F - a lamp of fire (inert)


   Skills:
 + Level 8.7 Fighting
 * Level 10.2 Long Blades
 + Level 7.3 Armour
 + Level 6.6 Dodging
 + Level 7.5 Shields


You had 11 spell levels left.
You didn't know any spells.

Dungeon Overview and Level Annotations

Branches:
Dungeon (12/15)            Temple (1/1) D:5            Lair (2/6) D:11
    Orc (0/2) D:9
  Swamp: Lair:2-4    Shoals: Lair:2-4     Snake: Lair:2-4    Spider: Lair:2-4

Altars:
Ashenzari
Cheibriados
Dithmenos
Elyvilon
Fedhas
Gozag
Hepliaklqana
Kikubaaqudgha
Makhleb
Nemelex Xobeh
Okawaru
Qazlal
Ru
Sif Muna
Trog
Uskayaw
Vehumet
Wu Jian
Xom
Yredelemnul
Zin
The Shining One

Annotations:
IceCv exclusion: ice statue, nikopol's ghost, novice DEFE


Innate Abilities, Weirdness & Mutations

You do not eat or drink.
Your flesh is vulnerable to fire.
You are immune to poison.
Your flesh is cold resistant. (rC+)
You are immune to negative energy. (rN+++)
You are immune to unholy pain and torment.
You can survive without breathing.


Message History

You hear a distant blaring wail to the northwest.
Okay, then.
The freezing wraith hits you but does no damage.
You block the freezing wraith's attack.
The ice beast hits you but does no damage.
The freezing wraith hits you but does no damage.
You block the freezing wraith's attack. The ice beast completely misses you.
You riposte.
Your shield and plate armour of the Echidna prevent you from hitting the ice beast.
You slash the freezing wraith!
The freezing wraith is moderately damaged.
The freezing wraith barely misses you.
You riposte.
You hit the freezing wraith.
The freezing wraith is lightly damaged.
You block the freezing wraith's attack. You block the ice beast's attack.
The centaur simulacrum hits you but does no damage.
The freezing wraith hits you.
* * * LOW HITPOINT WARNING * * *
The freezing wraith freezes you!
You die...

## .# ##.
#..... #..
##.....
#.##.......##
#..#........#
##YW##.......#
#W@# #......#
#Z## #....WW##
#..# #.Y##
#Y.# ##W.##
##.## ##..#
#Y.# #..##
##.## #..##
##Z.# #..##
#..## #..


You could see 2 freezing wraiths, 2 ice beasts and a centaur simulacrum.

Vanquished Creatures
  Fannar (Lair:1)
  Erolcha (D:11)
  2 two-headed ogres
  Sonja (Lair:1)
  2 unseen horrors (D:9)
  Pikel (D:9)
  A deep elf mage (D:6)
  2 ugly things (D:11)
  The ghost of Voxish the Nimble, a novice FeTm of Sif Muna (D:9)
  Joseph (Lair:1)
  2 komodo dragons
  3 trolls
  A wolf spider simulacrum (IceCv)
  7 hippogriffs
  Sigmund (D:6)
  4 hogs (D:7)
  2 vampires (D:11)
  A human (D:7)
  A hungry ghost (D:8)
  A death yak simulacrum (IceCv)
  Edmund (D:5)
  3 water moccasins
  2 porcupines (Lair:1)
  4 orc warriors
  11 ice beasts
  A phantom (D:4)
  A black bear (D:8)
  4 sky beasts
  5 ogres
  5 centaurs
  5 crocodiles
  Blork the orc (D:6)
  2 big kobolds
  8 bullfrogs
  3 water moccasin zombies (Ossuary)
  A wyvern skeleton (D:10)
  2 scorpions
  10 wights
  7 howler monkeys
  5 crimson imps
  5 hounds
  A quasit (D:9)
  4 orc priests
  3 jellies
  5 bullfrog skeletons
  9 orc wizards
  4 iguanas
  Natasha (thrice) (D:3)
  A centaur skeleton (D:5)
  7 worker ants
  A killer bee zombie (D:9)
  A polar bear simulacrum (IceCv)
  A wolf simulacrum (IceCv)
  2 big kobold zombies (Ossuary)
  A centaur simulacrum (IceCv)
  3 mummies
  A worker ant zombie (D:5)
  13 adders
  3 oozes
  10 adder zombies
  3 adder skeletons
  A worm (D:2)
  2 dart slugs (D:1)
  7 leopard geckos
  20 orcs
  6 bats
  5 giant cockroaches
  8 goblins
  11 hobgoblins
  21 jackals
  5 quokkas
  3 frilled lizards
  6 hobgoblin zombies
  A jackal skeleton (D:4)
  24 kobolds
  5 kobold zombies (Ossuary)
  A leopard gecko zombie (D:6)
  8 orc zombies (Ossuary)
  A quokka skeleton (D:6)
  10 rats
  A plant (D:3)
344 creatures vanquished.

Vanquished Creatures (others)
  3 slaves (D:9)
  A bullfrog (D:9)
  An adder (D:9)
  5 orcs (D:9)
10 creatures vanquished.

Grand Total: 354 creatures vanquished

Notes
Turn   | Place    | Note
-------+----------+-------------------------------------------
     0 | D:1      | Alarkh the Mummy Fighter began the quest for the Orb.
     0 | D:1      | Reached XP level 1. HP: 18/18 MP: 1/1
   264 | D:1      | Reached XP level 2. HP: 4/24 MP: 2/2
   656 | D:1      | Reached skill level 2 in Long Blades
   781 | D:1      | Reached skill level 1 in Dodging
   893 | D:1      | Reached XP level 3. HP: 28/29 MP: 3/3
  1445 | D:2      | Found a sacrificial altar of Ru.
  1465 | D:2      | Reached XP level 4. HP: 13/35 MP: 4/4
  1974 | D:2      | Found a bloodstained altar of Trog.
  2760 | D:3      | Noticed Natasha
  2958 | D:3      | Killed Natasha
  2958 | D:3      | Reached XP level 5. HP: 30/41 MP: 5/5
  3150 | D:3      | Noticed Natasha
  3157 | D:3      | Killed Natasha
  3703 | D:3      | Noticed Natasha
  3713 | D:3      | Killed Natasha
  3713 | D:3      | Reached skill level 3 in Long Blades
  4315 | D:4      | Reached XP level 6. HP: 48/48 MP: 6/6
  5000 | D:4      | Found a sparkling altar of Nemelex Xobeh.
  5042 | D:5      | Entered Level 5 of the Dungeon
  5047 | D:5      | Reached XP level 7. HP: 54/54 MP: 7/7
  5368 | D:5      | Reached skill level 4 in Long Blades
  6065 | D:5      | Found a stormy altar of Qazlal.
  6279 | D:5      | Reached XP level 8. HP: 16/61 MP: 8/8
  6533 | D:5      | Found a staircase to the Ecumenical Temple.
  6550 | Temple   | Entered the Ecumenical Temple
  6652 | Temple   | Became a worshipper of Warmaster Okawaru
  7089 | D:6      | Noticed Edmund
  7177 | D:6      | Found a sparkling altar of Nemelex Xobeh.
  7223 | D:6      | Reached skill level 5 in Fighting
  7223 | D:6      | Reached skill level 5 in Long Blades
  7624 | D:6      | Noticed Sigmund
  7632 | D:6      | Killed Sigmund
  7703 | D:5      | Reached * piety under Okawaru
  7957 | D:5      | Killed Edmund
  8174 | D:6      | Noticed a hippogriff
  8184 | D:6      | Killed a hippogriff
  8184 | D:6      | Reached skill level 6 in Long Blades
  8263 | D:6      | Noticed Blork the orc
  8280 | D:6      | Killed Blork the orc
  8280 | D:6      | Reached XP level 9. HP: 60/68 MP: 7/9
  8314 | D:6      | Found a shadowy altar of Dithmenos.
  8416 | D:6      | Noticed a deep elf mage
  8433 | D:6      | HP: 3/68 [earth elemental[a deep elf mage] (16)]
  8435 | D:6      | Killed a deep elf mage
  8435 | D:6      | Reached skill level 5 in Shields
  8939 | D:6      | Found a burning altar of Makhleb.
  9253 | D:7      | Found an opulent altar of Gozag.
  9286 | D:7      | Found a shattered altar of Ashenzari.
  9314 | D:7      | Found a shimmering altar of Xom.
  9516 | D:7      | Reached ** piety under Okawaru
  9527 | D:7      | Reached skill level 7 in Long Blades
  9774 | D:7      | Reached skill level 5 in Armour
 10240 | D:8      | Reached XP level 10. HP: 67/77 MP: 10/10
 10366 | D:8      | Reached *** piety under Okawaru
 10660 | D:8      | Got a scorched plate armour
 10666 | D:8      | Found a sand-covered staircase.
 10675 | Ossuary  | Entered an ossuary
 10686 | Ossuary  | Identified the +5 plate armour of the Echidna {MP-9 Dex+4} (You found it on level 8 of the Dungeon)
 11237 | D:9      | Noticed Voxish's ghost (novice FeTm)
 11748 | D:9      | Noticed Pikel
 11785 | D:9      | Killed Pikel
 11785 | D:9      | Reached **** piety under Okawaru
 11785 | D:9      | Reached skill level 8 in Long Blades
 11785 | D:9      | Reached skill level 5 in Dodging
 12028 | D:9      | Found a staircase to the Orcish Mines.
 12396 | D:9      | Found a glowing silver altar of Zin.
 13136 | D:10     | Entered Level 10 of the Dungeon
 13209 | D:10     | Noticed an unseen horror
 13213 | D:10     | Received a gift from Okawaru
 13217 | D:10     | Noticed a two-headed ogre
 13250 | D:9      | Killed an unseen horror
 13419 | D:9      | Killed Voxish's ghost
 13640 | D:10     | Noticed an unseen horror
 13783 | D:9      | Killed an unseen horror
 13783 | D:9      | Reached ***** piety under Okawaru
 13783 | D:9      | Reached XP level 11. HP: 58/84 MP: 2/11
 14058 | D:11     | Noticed a green ugly thing
 14112 | D:11     | Killed a green ugly thing
 14233 | D:11     | Reached skill level 9 in Long Blades
 14581 | D:11     | Received a gift from Okawaru
 14605 | D:11     | Noticed Erolcha
 14843 | D:11     | Killed Erolcha
 15081 | D:11     | Noticed a red ugly thing
 15695 | D:10     | Killed a two-headed ogre
 16123 | D:11     | Found a staircase to the Lair.
 16142 | D:11     | Killed a red ugly thing
 16300 | D:12     | Noticed a two-headed ogre
 16315 | D:12     | Killed a two-headed ogre
 16517 | Lair:1   | Entered Level 1 of the Lair of Beasts
 16605 | Lair:1   | Noticed Joseph
 16612 | Lair:1   | Received a gift from Okawaru
 16627 | Lair:1   | Killed Joseph
 16629 | Lair:1   | Got a jewelled falchion {god gift}
 16630 | Lair:1   | Identified the +0 falchion "Worm" {freeze, Dex+2} (Okawaru gifted it to you on level 1 of the Lair of Beasts)
 16734 | Lair:1   | Noticed Sonja
 16747 | Lair:1   | Killed Sonja
 16814 | Lair:1   | Noticed Fannar
 16848 | Lair:1   | Killed Fannar
 16848 | Lair:1   | Reached skill level 10 in Long Blades
 16848 | Lair:1   | Reached XP level 12. HP: 60/94 MP: 3/12
 17695 | Lair:2   | Found a frozen archway.
 17851 | IceCv    | Entered an ice cave
 17851 | IceCv    | Noticed nikopol's ghost (novice DEFE)
 17886 | IceCv    | HP: 4/94 [ice statue] (7)]
 17891 | IceCv    | HP: 2/94 [centaur simulacrum (3)]
 17907 | IceCv    | Slain by a freezing wraith

Vault maps used:
D:1:      minmay_arrival_loop
D:2:      nicolae_ru_great_annihilating_truth, marbit_many_paths
D:3:      lexackson_kobold_supper, uniq_natasha
D:4:      lemuel_statue_altar
D:5:      lemuel_doored_altar, minmay_temple_entry_mist, first_bread
D:6:      lemuel_round_altar, bloody_makhleb, basic_altar,
          guppyfry_early_elven_hall, uniq_sigmund, uniq_blork_the_orc,
          uniq_edmund
D:7:      xom_butterflies, lemuel_round_altar, grunt_gozag_breadcrumbs,
          grunt_livestock
D:8:      nicolae_ossuary_entry_giza
D:9:      overflow_temple_1_default, david_orc_2, uniq_pikel
D:11:     lair_entry_dummy, uniq_erolcha
D:12:     basic_altar
Temple:   dshaligram_water_room_temple
Lair:1:   grunt_megastairs_2, lemuel_fruit_tree, uniq_fannar, uniq_sonja,
          uniq_joseph
Lair:2:   regret_index_wax_grids, minmay_shoals_entry_hut,
          minmay_snake_entry_guardpost_large, portal_ice_cave_entry_ice_beasts,
          nicolae_quartered_pool_super, st_stairs_6
Ossuary:  ossuary_tomb_2
IceCv:    ice_cave_small_necro

Skill      XL: |  1  2  3  4  5  6  7  8  9 10 11 |
---------------+----------------------------------+-----
Long Blades    | 2 3 4 6 7 8 10 | 10.2
Dodging        | 1 2 3 4 5 6 |  6.6
Shields        | 3 4 5 6 7 |  7.5
Armour         | 3 4 5 6 7 |  7.3
Fighting       | 4 5 6 7 8 |  8.7

Action                   |  1- 3 |  4- 6 |  7- 9 | 10-12 || total
-------------------------+-------+-------+-------+-------++-------
Melee: Long sword        |   125 |   304 |   397 |   853 ||  1679
       Falchion          |       |       |       |    99 ||    99
       Scimitar          |       |       |       |   198 ||   198
Invok: Heroism           |       |       |     5 |     5 ||    10
Evoke: Wand              |       |       |     2 |    12 ||    14
       Lamp of fire      |       |       |       |     1 ||     1
  Use: Scroll            |       |     8 |     7 |    15 ||    30
 Stab: Paralysed         |     1 |       |       |     1 ||     2
Armor: Scale mail        |    71 |   109 |   135 |    38 ||   353
       Plate armour      |       |       |       |   695 ||   695
Dodge: Dodged            |    64 |    94 |   143 |   309 ||   610
Block: Shield            |    99 |   154 |   201 |   645 ||  1099
       Rpst.: Long sword |    21 |    28 |    42 |    53 ||   144
       Scimitar          |       |       |       |    16 ||    16
       Falchion          |       |       |       |     5 ||     5
